Description

13/12

Replay - 13-12_zvz

Build Order

Get SALT Encoding   

  12  0:01  Drone  
  13  0:15  Extractor  
  12  0:24  Spawning Pool  
  11  0:28  Drone x2  
  13  0:38  Drone  
  14  0:50  Overlord  
  14  1:10  Zergling x6  
  16  1:14  Metabolic Boost  
  17  1:22  Zergling x2  
  18  1:33  Zergling x2  
  18  1:35  Baneling Nest  
  18  1:44  Zergling x2  
  19  1:52  Queen  
  21  1:57  Zergling x2  
  22  2:19  Baneling x3  
  22  2:22  Overlord  
  22  2:32  Extractor, Zergling x2  
  23  2:41  Baneling x2  
  23  2:43  Zergling x4  
  22  3:10  Hatchery  
  19  3:23  Drone x2  
  21  3:33  Baneling x2  
  21  3:36  Drone  
  22  3:43  Drone x2  
  24  3:51  Drone  
  26  4:04  Queen  
  33  4:56  Hatchery  
  33  4:58  Baneling x2  
  36  5:13  Overlord  
  36  5:24  Overlord  
  36  5:27  Baneling  
Spawning Tool Build Advisor. Get it on Overwolf

Analysis

13/12

Go to:

Details

  • Created by: Sieget04
  • Published on: Aug 09, 2018
  • Modified on: Aug 09, 2018
  • Patch: 4.0.0
Show
View Real Time Build Order
Export as new Build Order

Comments (0)

There are no comments. Be the first!

Create an account to comment!